 Dungeon Crawl Stone Soup version 0.27-a0-604-g29a88b33a7 (webtiles) character file.

Game seed: 14172078459100000531

37 jasper the Sneak (level 3, -2/16 HPs)
             Began as a Spriggan Enchanter on Mar 12, 2021.
             Was an Initiate of Nemelex Xobeh.
             Slain by Sigmund
             ... wielding a +0 scythe
              (13 damage)
             ... on level 2 of the Dungeon.
             The game lasted 00:02:49 (1060 turns).

jasper the Sneak (Spriggan Enchanter)               Turns: 1060, Time: 00:02:50

Health: -2/16      AC:  2    Str:  4    XL:     3   Next: 21%
Magic:  2/8        EV: 17    Int: 17    God:    Nemelex Xobeh [......]
Gold:   31         SH:  0    Dex: 15    Spells: 5/8 levels left

rFire    . . .     SeeInvis +   a - +1 dagger
rCold    . . .     Faith    .   (shield restricted)
rNeg     . . .     Spirit   .   b - +0 robe
rPois    .         Reflect  .   (helmet restricted)
rElec    .         Harm     .   (no cloak)
rCorr    .         Rampage  .   (gloves unavailable)
Will     .....                  (boots unavailable)
Stlth    +++.......             (no amulet)
HPRegen  0.05/turn              (no ring)
MPRegen  0.11/turn              (no ring)

@: very quick
A: very small, unfitting armour, see invisible, speed 3
a: Renounce Religion, Draw Escape, Draw Destruction, Draw Summoning


You were on level 2 of the Dungeon.
You worshipped Nemelex Xobeh.
Nemelex Xobeh was noncommittal.
You visited 1 branch of the dungeon, and saw 3 of its levels.

You collected 31 gold pieces.

Inventory:

Hand Weapons
 a - a +1 dagger (weapon)
 d - a +2 vampiric falchion
Missiles
 c - a throwing net
Armour
 b - a +0 robe (worn)
Scrolls
 e - a scroll of immolation {unknown}
 h - a scroll of enchant armour {unknown}
Potions
 f - a potion of berserk rage {unknown}
 g - a potion of flight {unknown}


   Skills:
 - Level 1.1 Short Blades
 + Level 3.2 Dodging
 * Level 5.2 Stealth
 - Level 3.0 Spellcasting
 + Level 4.2 Hexes
 + Level 0.2 Invocations


You had 5 spell levels left.
You knew the following spells:

 Your Spells              Type           Power      Damage    Failure   Level
a - Corona                Hex            17%        N/A       3%          1
b - Ensorcelled Hibernat  Hex/Ice        18%        N/A       11%         2

Your spell library contained the following spells:

 Spells                   Type           Power      Damage    Failure   Level
 Confusing Touch          Hex            16%        N/A       10%         3
 Tukima's Dance           Hex            16%        N/A       10%         3
 Dazzling Flash           Conj/Hex       18%        N/A       22%         3


Dungeon Overview and Level Annotations

Branches:
Dungeon (3/15)

Altars:
Makhleb
Nemelex Xobeh
Trog
Vehumet

Annotations:
D:2 Sigmund


Innate Abilities, Weirdness & Mutations

You are very small and have problems with some larger weapons.
You are too small for most types of armour.
You have supernaturally acute eyesight. (SInv)
You cover ground extremely quickly. (Speed+++)


Message History

A leopard gecko is nearby!
MP restored: 8 A leopard gecko is nearby!
Found a scroll labelled FAFEGO VUVUXT.
The helpless leopard gecko fails to defend itself.
You impale the leopard gecko!!
You kill the leopard gecko!
You see here a leopard gecko corpse.
h - a scroll labelled FAFEGO VUVUXT You now have 10 gold pieces.
You see here a leopard gecko corpse.
You now have 21 gold pieces (gained 11).
You now have 31 gold pieces (gained 10).
Sigmund the Dreaded comes into view.
He is wielding a +0 scythe and wearing a +2 robe of positive energy.
Sigmund is nearby!
Sigmund shouts!
Sigmund barely misses you.
You completely miss Sigmund.
A rat comes into view.
Aiming: Ensorcelled Hibernation (safe; 11% risk of failure)
Press: ? - help, Q - select action, (/) - cycle Shift-Dir - straight line, f - Sigmund
Aim: Sigmund, wielding a +0 scythe and wearing a +2 robe of positive energy (chance to affect: 50%) Sigmund resists with some effort.
Sigmund closely misses you.
You now have 6/8 mp.
Aiming: Ensorcelled Hibernation (safe; 11% risk of failure)
Press: ? - help, Q - select action, (/) - cycle Shift-Dir - straight line, f/p - Sigmund
Aim: Sigmund, wielding a +0 scythe and wearing a +2 robe of positive energy (chance to affect: 50%) Sigmund resists with some effort.
Sigmund casts a spell at you. The magic dart hits you.
You take 5 damage, and have 11/16 hp.
MASSIVE DAMAGE!!
You now have 4/8 mp.
Aiming: Ensorcelled Hibernation (safe; 11% risk of failure)
Press: ? - help, Q - select action, (/) - cycle Shift-Dir - straight line, f/p - Sigmund
Aim: Sigmund, wielding a +0 scythe and wearing a +2 robe of positive energy (chance to affect: 50%) Sigmund resists with some effort.
Sigmund hits you with a +0 scythe!
Ouch! That really hurt!
You die...
Your body disappears without a glow.

8###8##.# #.# ..(.....#
.# ........# ##.##.......
#.##...#### #.#....#
#.#.#..# #### #.#.#..#
##########...# #.#.#..#
#.....@@.r.# #
##.#.#..##.#†#.###...#
.##
..........##.##....###
#...
.................#...#...
####.#....##.##.## #.#.#
#.#####.#.#.#####...# ..#
##.......†...# .###
############# #.


You could see Sigmund and a rat.

Vanquished Creatures
  An adder (D:2)
  An ooze (D:2)
  A worm (D:2)
  A leopard gecko (D:2)
  3 orcs (D:3)
  2 goblins (D:2)
  2 hobgoblins (D:3)
  A jackal (D:2)
  2 kobolds
  2 bats (D:2)
  A rat (D:2)
17 creatures vanquished.

Notes
Turn   | Place    | Note
-------+----------+-------------------------------------------
     0 | D:1      | jasper the Spriggan Enchanter began the quest for the Orb.
     0 | D:1      | Reached XP level 1. HP: 9/9 MP: 5/5
    25 | D:2      | Noticed a scorpion
    31 | D:3      | Found a burning altar of Makhleb.
    88 | D:3      | Found a sparkling altar of Nemelex Xobeh.
   131 | D:3      | Became a worshipper of Nemelex Xobeh the Trickster
   149 | D:3      | Reached XP level 2. HP: 13/13 MP: 4/6
   199 | D:3      | Found a radiant altar of Vehumet.
   234 | D:2      | Learned a level 2 spell: Ensorcelled Hibernation
   508 | D:2      | Found a bloodstained altar of Trog.
   907 | D:2      | Reached skill level 5 in Stealth
   981 | D:2      | Reached XP level 3. HP: 16/16 MP: 8/8
  1054 | D:2      | Noticed Sigmund
  1060 | D:2      | Slain by Sigmund

Illustrated notes

Levels and vault maps discovered:
D:1:      ncdulo_wetmaze, layout_rooms
D:2:      layout_loops_ring, bloody_trog, chequers_hall_statues_wall_a,
          minmay_fountain_box, uniq_sigmund
D:3:      layout_rooms, nemelex_xobeh_ov_fountains_minmay, lemuel_doored_altar,
          vehumet_crystals, bloody_makhleb

Skill      XL: |  1  2 |
---------------+-------+-----
Hexes          | 4 |  4.2
Dodging        | 3 |  3.2
Stealth        | 5 |  5.2
Spellcasting   | 3 |  3.0
Short Blades   | |  1.1
Invocations    | |  0.2

Action                   || total
-------------------------++-------
Melee: Dagger            ||    36
 Cast: Corona            ||     1
       Ensorcelled Hiber ||    15
 Stab: Sleeping          ||    13
Armor: Robe              ||     8
Dodge: Dodged            ||    62

Table legend: (Time is in decaauts)
 A = Elapsed time spent in this place.
 B = Non-inter-level travel time spent in this place.
 C = Inter-level travel time spent in this place.
 D = Time resting spent in this place.
 E = Time spent auto-exploring this place.
 F = Levels seen in this place.
 G = Mean time per level.
                   A        B        C        D        E       F      G
               +--------+--------+--------+--------+--------+-----+--------+
         Total |    840 |    840 |      0 |    157 |    393 |   3 |  280.0 |
       Dungeon |    840 |    840 |      0 |    157 |    393 |   3 |  280.0 |
               +--------+--------+--------+--------+--------+-----+--------+

Top non-repeatable levels by time:
     D:2: 576 daAuts
     D:3: 244 daAuts
     D:1: 19 daAuts
